 Dungeon Crawl Stone Soup version 0.20.1-1-g8b1a95d (webtiles) character file.

61 Quirk the Cudgeler (level 3, -1/36 HPs)
             Began as a Troll Fighter on July 12, 2017.
             Slain by a hornet (6 damage)
             ... on level 3 of the Dungeon.
             The game lasted 00:01:29 (1653 turns).

Quirk the Cudgeler (Troll Fighter)                  Turns: 1653, Time: 00:01:29

Health: -1/36      AC:  5    Str: 24    XL:     3   Next: 83%
Magic:  2/2        EV:  8    Int:  4    God:
Gold:   161        SH:  8    Dex: 10    Spells: 2/2 levels left

rFire    . . .     SeeInvis .   a - +0 flail
rCold    . . .     Gourm    +   c - +0 shield
rNeg     . . .     Faith    .   b - +0 robe
rPois    .         Spirit   .   (helmet restricted)
rElec    .         Reflect  .   (no cloak)
rCorr    .         Harm     .   (gloves unavailable)
MR       .....                  (boots unavailable)
Stlth    +.........             (no amulet)
Regen    0.6/turn               (no ring)
MPRegen  0.1/turn               (no ring)

@: lethally poisoned (-1 -> -4), slowed, very slow
A: unfitting armour, claws 3, fast metabolism 3, gourmand, regeneration 1,
shaggy fur 1, tough skin 2
a: no special abilities


You were on level 3 of the Dungeon.
You were full.

You visited 1 branch of the dungeon, and saw 3 of its levels.

You collected 161 gold pieces.

Inventory:

Hand Weapons
 a - a +0 flail (weapon)
Armour
 b - a +0 robe (worn)
 c - a +0 shield (worn)
Scrolls
 g - 2 scrolls of identify
 j - a scroll of noise {unknown}
 l - a scroll of enchant weapon {unknown}
 m - 3 scrolls of teleportation {unknown}
 o - a scroll of fog {unknown}
Potions
 d - a potion of might
 k - a potion of brilliance
 n - a potion of resistance
Comestibles
 f - 4 bread rations
 h - a royal jelly
 i - 2 meat rations


   Skills:
 - Level 2.4 Fighting
 + Level 3.8 Maces & Flails
 - Level 2.4 Dodging
 - Level 2.4 Shields


You had 2 spell levels left.
You didn't know any spells.

Dungeon Overview and Level Annotations

Branches:
Dungeon (3/15)

Altars:


Innate Abilities, Weirdness & Mutations

You are too large for most types of armour.
You have claws for hands.
Your metabolism is lightning-fast.
You like to eat raw meat.
Your natural rate of healing is unusually fast.
You are covered in fur. (AC +1)
You have very tough skin. (AC +2)


Message History

You barely miss the hornet.
You feel yourself speed up.
You feel sick. The hornet stings you!
You feel yourself slow down. The hornet stings you!
You are more poisoned.
You feel as though you will be slow longer.
You are too injured to fight recklessly!
You hit the hornet but do no damage.
You feel very sick. You block the hornet's attack.
The hornet stings you but does no damage.
The hornet stings you.
* * * LOW HITPOINT WARNING * * *
You feel as though you will be slow longer.
Your shield prevents you from hitting the hornet.
You feel sick. The hornet stings you.
* * * LOW HITPOINT WARNING * * *
You feel as though you will be slow longer.
The hornet misses you. The hornet stings you.
You die...

#.# #.# #.#
###########.###
#.............#
#.............#
#......=.....>#
#.............#
#...y@........#
#.............#
#.............#
#.............#
#.............#
#.............#
####.$.####.###
#..<# .#


You could see a hornet.

Vanquished Creatures
  A gnoll (D:1)
  3 worms (D:2)
  2 dart slugs
  2 leopard geckos (D:2)
  2 giant cockroaches (D:2)
  2 goblins
  2 hobgoblins
  4 jackals (D:2)
  3 kobolds (D:1)
  A quokka (D:2)
  A ball python (D:2)
  6 bats
  4 frilled lizards (D:2)
  5 rats
38 creatures vanquished.

Notes
Turn   | Place    | Note
-------+----------+-------------------------------------------
     0 | D:1      | Quirk the Troll Fighter began the quest for the Orb.
     0 | D:1      | Reached XP level 1. HP: 22/22 MP: 0/0
   170 | D:1      | Reached skill level 2 in Maces & Flails
   428 | D:1      | Reached XP level 2. HP: 26/29 MP: 1/1
   439 | D:1      | Reached skill level 3 in Maces & Flails
   905 | D:2      | Reached XP level 3. HP: 23/36 MP: 2/2
  1645 | D:3      | Noticed a hornet
  1653 | D:3      | Slain by a hornet

Skill      XL: |  1  2 |
---------------+-------+-----
Maces & Flails | 2 3 |  3.8
Fighting       | |  2.4
Dodging        | |  2.4
Shields        | |  2.4

Action                   || total
-------------------------++-------
Melee: Flail             ||   124
  Use: Scroll            ||     3
 Stab: Sleeping          ||     1
  Eat: Chunk             ||    18
Armor: Robe              ||    56
Dodge: Dodged            ||    53
Block: Shield            ||    64
